 Dungeon Crawl Stone Soup version 0.27-a0-1123-g2f9bb313c0 (webtiles) character file.

Game seed: 4945982090656436714

85 voltaire321 the Poker (level 4, -4/34 HPs)
             Began as a Merfolk Gladiator on May 3, 2021.
             Shot with an arrow by a centaur (14 damage)
             ... on level 2 of the Dungeon.
             The game lasted 00:04:37 (2843 turns).

voltaire321 the Poker (Merfolk Gladiator)           Turns: 2843, Time: 00:04:37

Health: -4/34      AC:  5    Str: 14    XL:     4   Next: 48%
Magic:  4/4        EV:  9    Int:  7    God:
Gold:   152        SH: 11    Dex: 16    Spells: 3/3 levels left

rFire    . . .     SeeInvis .   a - +0 trident
rCold    . . .     Faith    .   e - +0 tower shield
rNeg     . . .     Spirit   .   b - +0 leather armour
rPois    .         Reflect  .   m - +1 helmet
rElec    .         Harm     .   (no cloak)
rCorr    .         Rampage  .   (no gloves)
Will     .....                  (no boots)
Stlth    +.........             (no amulet)
HPRegen  0.11/turn              (no ring)
MPRegen  0.09/turn              (no ring)

@: no status effects
A: (nimble swimmer 2), mertail
a: no special abilities


You were on level 2 of the Dungeon.
You visited 1 branch of the dungeon, and saw 2 of its levels.

You collected 152 gold pieces.

Inventory:

Hand Weapons
 a - a +0 trident (weapon)
Missiles
 d - 3 throwing nets (quivered)
Armour
 b - a +0 leather armour (worn)
 e - a +0 tower shield (worn)
 m - a +1 helmet (worn)
Scrolls
 f - a scroll of brand weapon {unknown}
 g - a scroll of magic mapping {unknown}
 h - a scroll of enchant armour {unknown}
 i - 2 scrolls of identify {unknown}
 j - a scroll of vulnerability {unknown}
 k - a scroll of silence {unknown}
 l - a scroll of teleportation {unknown}


   Skills:
 + Level 2.9 Fighting
 + Level 5.2 Polearms
 + Level 2.7 Throwing
 + Level 4.6 Dodging
 + Level 1.4 Shields


You had 3 spell levels left.
You didn't know any spells.
Your spell library contained the following spells:

 Spells                   Type           Power      Damage    Failure   Level
 Corona                   Hex            0%         N/A       100%        1
 Ensorcelled Hibernation  Hex/Ice        0%         N/A       100%        2
 Confusing Touch          Hex            0%         N/A       100%        3
 Dazzling Flash           Conj/Hex       0%         N/A       100%        3
 Tukima's Dance           Hex            0%         N/A       100%        3


Dungeon Overview and Level Annotations

Branches:
Dungeon (2/15)

Altars:


Innate Abilities, Weirdness & Mutations

((You are quick and stealthy near water. (Stealth+, EV+, Speed+++)))
Your lower body shifts to a powerful aquatic tail in water.


Message History

The adder bites you but does no damage.
You puncture the adder!
You kill the adder!
You feel sick. The bat hits you but does no damage.
You block the hobgoblin's attack. x2
You puncture the hobgoblin!
You kill the hobgoblin!
You feel sick. The bat hits you but does no damage.
You closely miss the bat.
You feel sick.
You are no longer poisoned.
The bat hits you. You block the bat's attack.
You hit the bat but do no damage. The bat barely misses you.
The bat hits you but does no damage.
You reach to attack!
You hit the bat.
You kill the bat!
You start resting.
HP restored.
You see here a hobgoblin corpse.
The endoplasm quivers.
You now have 143 gold pieces (gained 8).
An endoplasm is nearby!
You hit the endoplasm.
The endoplasm is severely wounded.
The endoplasm freezes you.
You are frozen.
You hit the endoplasm.
The endoplasm is almost dead.
The endoplasm barely misses you. x2
You hit the endoplasm.
You kill the endoplasm!
You now have 152 gold pieces (gained 9).
The centaur shouts!
The centaur shoots an arrow.
The arrow barely misses you.
The centaur shoots an arrow.
The arrow hits you.
The centaur shoots an arrow.
The arrow hits you!
The centaur shoots an arrow.
You block the arrow.
The centaur shoots an arrow.
The arrow hits you!
* * * LOW HITPOINT WARNING * * *
The centaur shoots an arrow.
The arrow hits you!
You die...

......# ####.........##.....
......# #...(.#...##.##.#
......# #######.......#.##.#
......# ##...............##.#
##########
##................##..
#....###................####.
#...........c................
#............>..........####.
#....###....@................
#.........................#..
#..[.##.#....................
##....##...........########...
##.(................# ####
###..#.#..##..........# #
.##...........<.......# #
..###....###..........#
#..##########........##


You could see a centaur.

Vanquished Creatures
  3 gnolls
  An adder (D:2)
  A worm (D:2)
  2 dart slugs
  5 endoplasms
  A giant cockroach (D:2)
  6 goblins
  2 hobgoblins
  A quokka (D:2)
  5 ball pythons
  5 bats
  3 frilled lizards
  2 kobolds
  A rat (D:2)
38 creatures vanquished.

Notes
Turn   | Place    | Note
-------+----------+-------------------------------------------
     0 | D:1      | voltaire321 the Merfolk Gladiator began the quest for the
                  | Orb.
     0 | D:1      | Reached XP level 1. HP: 16/16 MP: 1/1
   492 | D:1      | Reached XP level 2. HP: 20/23 MP: 2/2
   631 | D:1      | Found a faded altar of an unknown god.
  1014 | D:2      | Noticed a centaur
  1110 | D:1      | Reached skill level 1 in Shields
  1110 | D:1      | Reached XP level 3. HP: 4/28 MP: 3/3
  1724 | D:2      | Reached skill level 5 in Polearms
  2123 | D:2      | Reached XP level 4. HP: 34/34 MP: 4/4
  2843 | D:2      | Shot with an arrow by a centaur

Illustrated notes

Levels and vault maps discovered:
D:1:      mushboom_english_gardens, layout_loops_corners,
          basic_ecumenical_altar, hangedman_decor_points
D:2:      layout_rooms, minmay_puff

Skill      XL: |  1  2  3 |
---------------+----------+-----
Shields        | 1 |  1.4
Polearms       | 5 |  5.2
Fighting       | |  2.9
Throwing       | |  2.7
Dodging        | |  4.6

Action                   |  1- 3 |  4- 6 || total
-------------------------+-------+-------++-------
Melee: Trident           |    67 |    45 ||   112
 Stab: Sleeping          |     1 |       ||     1
Armor: Leather armour    |    14 |    18 ||    32
Dodge: Dodged            |    18 |    19 ||    37
Block: Tower shield      |    43 |    22 ||    65

Table legend: (Time is in decaauts)
 A = Elapsed time spent in this place.
 B = Non-inter-level travel time spent in this place.
 C = Inter-level travel time spent in this place.
 D = Time resting spent in this place.
 E = Time spent auto-exploring this place.
 F = Levels seen in this place.
 G = Mean time per level.
                   A        B        C        D        E       F      G
               +--------+--------+--------+--------+--------+-----+--------+
         Total |   2908 |   2726 |    182 |   1237 |   1051 |   2 | 1454.0 |
       Dungeon |   2908 |   2726 |    182 |   1237 |   1051 |   2 | 1454.0 |
               +--------+--------+--------+--------+--------+-----+--------+

Top non-repeatable levels by time:
     D:1: 1977 daAuts
     D:2: 930 daAuts
